 Dungeon Crawl Stone Soup version 0.22-a0-86-g94e0ad4 (webtiles) character file.

198 KristoblXynda the Charlatan (level 5, 0/25 HPs)
             Began as a Spriggan Artificer on Jan 20, 2018.
             Slain by an iguana (7 damage)
             ... on level 4 of the Dungeon.
             The game lasted 00:04:54 (3039 turns).

KristoblXynda the Charlatan (Spriggan Artificer)    Turns: 3039, Time: 00:04:54

Health: 0/25       AC:  2    Str:  8    XL:     5   Next: 47%
Magic:  10/10      EV: 20    Int: 13    God:
Gold:   128        SH:  0    Dex: 17    Spells: 4/4 levels left

rFire    + . .     SeeInvis +   q - +1 short sword (drain)
rCold    . . .     Gourm    .   (shield restricted)
rNeg     . . .     Faith    .   b - +0 robe
rPois    .         Spirit   .   (helmet restricted)
rElec    .         Reflect  .   (no cloak)
rCorr    .         Harm     .   (gloves unavailable)
MR       .....                  (boots unavailable)
Stlth    +++.......             (no amulet)
HPRegen  0.08/turn              j - ring of flight
MPRegen  0.12/turn              a - ring of protection from fire

@: very quick
A: very small, unfitting armour, see invisible, herbivore, speed 3, slow
metabolism 2
a: Evoke Flight


You were on level 4 of the Dungeon.
You were not hungry.

You visited 1 branch of the dungeon, and saw 4 of its levels.

You collected 128 gold pieces.

Inventory:

Hand Weapons
 q - a +1 short sword of draining (weapon)
Missiles
 m - 7 needles of confusion
 p - 19 poisoned needles
Armour
 b - a +0 robe (worn)
Jewellery
 a - a ring of protection from fire (right hand)
 j - a ring of flight (left hand)
Wands
 c - a wand of flame (10)
 d - a wand of enslavement (14)
 e - a wand of random effects (14)
 s - a wand of acid (7)
Scrolls
 g - a scroll of enchant weapon {unknown}
 h - 4 scrolls of remove curse {unknown}
 i - 4 scrolls of identify {unknown}
 o - a scroll of fear {unknown}
 u - a scroll of magic mapping {unknown}
Potions
 k - 2 potions of mutation {unknown}
 l - a potion of degeneration {unknown}
 n - a potion of magic {unknown}
 r - a potion of cancellation {unknown}
 t - a potion of invisibility {unknown}
Comestibles
 f - 7 rations


   Skills:
 - Level 0.7 Fighting
 + Level 3.0 Short Blades
 + Level 4.9 Dodging
 + Level 4.5 Stealth
 + Level 5.3 Evocations


You had 4 spell levels left.
You didn't know any spells.

Dungeon Overview and Level Annotations

Branches:
Dungeon (4/15)
 Temple: D:4-7

Altars:


Innate Abilities, Weirdness & Mutations

You are very small and have problems with some larger weapons.
You are too small for most types of armour.
You have supernaturally acute eyesight. (SInv)
You are a herbivore.
You cover ground extremely quickly.
You need consume almost no food.


Message History

You hit the worker ant zombie but do no damage.
The worker ant zombie is heavily damaged.
The worker ant zombie misses you.
A jackal comes into view.
The jackal barks!
You hit the worker ant zombie.
The worker ant zombie is severely damaged.
The jackal misses you. The worker ant zombie bites you.
The jackal completely misses you. The jackal completely misses you.
You closely miss the jackal. The jackal closely misses you.
The jackal bites you. The worker ant zombie misses you. The jackal bites you.
You hit the jackal. You drain the jackal!
You kill the jackal!
The jackal closely misses you. The worker ant zombie bites you.
* * * LOW HITPOINT WARNING * * *
The jackal closely misses you. The jackal completely misses you.
You hit the jackal but do no damage. The jackal misses you.
The iguana bites you!
You die...

#.......
#...... ..#
..... ...##
#...#
.....##...##
......#....#
......#.l..#
......#.Z@.# .
........hhh##.#
..............#
..####.......##
##.(....#
##..###..#
##..## #.#
####.### #.
###.....##


You could see an iguana, a worker ant zombie and 3 jackals.

Vanquished Creatures
  A scorpion (D:4)
  An orc priest (D:3)
  Ijyb (D:3)
  3 adders
  An ooze (D:2)
  3 dart slugs
  3 leopard geckos
  3 orcs
  2 ball pythons (D:3)
  2 giant cockroaches
  7 goblins
  3 hobgoblins
  4 jackals
  5 kobolds
  A quokka (D:3)
  6 bats
  2 frilled lizards
  A jackal skeleton (D:4)
  3 rats
52 creatures vanquished.

Vanquished Creatures (others)
  An orc (D:3)
1 creature vanquished.

Grand Total: 53 creatures vanquished

Notes
Turn   | Place    | Note
-------+----------+-------------------------------------------
     0 | D:1      | KristoblXynda the Spriggan Artificer began the quest for the Orb.
     0 | D:1      | Reached XP level 1. HP: 9/9 MP: 4/4
   396 | D:1      | Reached XP level 2. HP: 14/14 MP: 6/6
  1262 | D:2      | Reached XP level 3. HP: 17/17 MP: 7/7
  2062 | D:3      | Reached XP level 4. HP: 19/21 MP: 8/8
  2154 | D:3      | Noticed Ijyb
  2161 | D:3      | Killed Ijyb
  2161 | D:3      | Reached skill level 5 in Evocations
  2489 | D:3      | Reached XP level 5. HP: 25/25 MP: 9/9
  3039 | D:4      | Slain by an iguana

Vault maps used:
D:1:      lightli_arrival_farm, serial_co_window_serial,
          co_window_of_opportunity_a, co_window_corner_a, co_window_corner_a,
          co_window_paths_b, co_window_corner_a, co_window_of_opportunity_a,
          co_window_unsneaky_path_a, co_window_corner_cb, co_window_broadway_a,
          co_window_of_opportunity_b, co_window_corner_cb, glass_columns_a,
          glass_columns_a, glass_columns_b
D:2:      minmay_misc_feat_plants
D:3:      uniq_ijyb
D:4:      nicolae_overflow_crystal_walls, serial_shops, shop_coins, st_stairs_3

Skill      XL: |  1  2  3  4  5 |
---------------+----------------+-----
Stealth        | 2 3 4 |  4.5
Short Blades   | 2 3 |  3.0
Dodging        | 4 |  4.9
Evocations     | 5 |  5.3
Fighting       | |  0.7

Action                   |  1- 3 |  4- 6 || total
-------------------------+-------+-------++-------
Melee: Short sword       |   136 |    45 ||   181
Evoke: Wand              |     4 |     3 ||     7
  Use: Potion            |     2 |       ||     2
 Stab: Sleeping          |    10 |     5 ||    15
Armor: Robe              |     5 |     2 ||     7
Dodge: Dodged            |   117 |    46 ||   163

Table legend:
 A = Spawn XP
 B = Non-spawn XP
 C = Spawn XP percentage of total XP
 D = Spawn monster count
 E = Non-spawn monster count
 F = Spawn count percentage of total count
 G = Total turns spent on level
                    A         B        C        D         E        F      G
               +---------+---------+-------+---------+---------+-------+---------
         Total |       0 |     283 |   0.0 |       0 |      52 |   0.0 |  3039
               +---------+---------+-------+---------+---------+-------+---------
           D:1 |       0 |      30 |   0.0 |       0 |      14 |   0.0 |  1168
           D:2 |       0 |      51 |   0.0 |       0 |      13 |   0.0 |   737
           D:3 |       0 |     127 |   0.0 |       0 |      20 |   0.0 |   776
           D:4 |       0 |      75 |   0.0 |       0 |       5 |   0.0 |   358
               +---------+---------+-------+---------+---------+-------+---------
